[Event "Charlotte GM-A May 2022"]
[Site "Charlotte"]
[Date "2022.05.06"]
[Round "3.1"]
[White "Stremavicius, Titas"]
[Black "Korley, Kassa"]
[Result "1/2-1/2"]
[ECO "A14"]
[WhiteElo "2508"]
[BlackElo "2413"]
[Annotator "TA"]
[PlyCount "187"]
[EventDate "2022.05.04"]
[EventType "tourn"]
[EventCountry "USA"]
[SourceTitle "playchess.com"]
[Source "ChessBase"]
[SourceQuality "1"]
[TimeControl "5400+30"]

1. c4 e6 2. g3 d5 3. Nf3 Nf6 4. Bg2 Be7 5. O-O O-O 6. b3 b6 7. Bb2 Bb7 8. e3 c5 9. Nc3 Nbd7 10. Qe2 Ne4 11. cxd5 Nxc3 12. Bxc3 Bxd5 13. e4 Bb7 14. e5 Rc8 15. h4 Rc7 16. h5 Qa8 17. Ne1 Rd8 18. Rd1 Nb8 19. f4 Nc6 20. f5 Nd4 (20... exf5 $15 21. e6 Bf6 22. Bxc6 (22. Bxf6 gxf6 23. Nc2 Re7 $15) 22... Bxc3 23. dxc3 (23. exf7+ Rxf7 24. dxc3 Bxc6 $17) 23... Bxc6 24. Rxd8+ Qxd8 25. Rxf5 Qd6) 21. Bxd4 $11 Rxd4 22. fxe6 fxe6 23. Qf2 Qe8 24. Bxb7 Rxb7 25. Nf3 Rd3 26. Qh2 Qc6 27. Qe2 Rbd7 28. Kh2 Rd8 29. Ne1 R3d7 30. Nf3 Rd3 31. Ne1 $1 R3d5 32. Nf3 Qe8 33. g4 Qd7 (33... g6 {is interesting.} 34. Qe3 Rd3 35. Qh6 Qf8) 34. Qe4 Rf8 35. Rde1 Rd3 (35... a6 $15 {was preferrable.}) 36. Kg2 a5 37. Re3 Rd5 38. a4 Bd8 39. Rf2 Qf7 40. Ree2 Qf4 41. Qxf4 Rxf4 42. Kg3 Rb4 43. Re3 h6 44. Rc3 Re4 (44... Bg5 $15 45. Re2 Bf4+ 46. Kg2 Bg5) 45. Re3 $1 $11 Rb4 46. Rc3 $1 Be7 47. Re2 Bg5 48. Kh3 (48. d3 $1 $15) 48... Rf4 $1 $17 49. Kg3 Rf8 50. d3 Rfd8 51. Ne1 Rf8 (51... g6 $17 52. Rc4 Kg7) 52. Rc4 (52. Nf3 $11) 52... Rd7 (52... g6 {looks sharper.} 53. Ree4 gxh5 54. gxh5 Rf1) 53. Kg2 Rd5 (53... Rfd8 $17 54. Kg3 g6) 54. Rce4 (54. Kg3 $1 $11 {remains equal.}) 54... Rf4 (54... g6 $17 55. Rc2 Rfd8) 55. Kg3 $2 ({White should try} 55. Rxf4 $15 Bxf4 56. Kf3 Rxe5 57. Re4 Rxe4 58. dxe4) 55... Rxe4 $1 $19 56. dxe4 Rd1 57. Nf3 Rd3 58. Rb2 Re3 (58... Be3 $19 59. Rb1 Kf7) 59. Rb1 (59. Kf2 $142 Rxe4 60. Nxg5 hxg5 61. Rd2) 59... Rxe4 $17 60. Rd1 Bf4+ (60... Rb4 $142 $1 61. Nxg5 hxg5 62. Rd8+ Kf7 63. Rd7+ Kf8 64. Rd8+ Ke7) 61. Kf2 $17 Be3+ 62. Kg3 Bd4 63. Nxd4 cxd4 ({But not} 63... Rxd4 $6 64. Rxd4 cxd4 65. Kf4 $11) 64. Kf3 Rxe5 (64... Re3+ $17 65. Kf2 Rxe5 66. Rxd4 Rd5) 65. Rxd4 $15 Rc5 66. Rd6 Rc3+ 67. Kf4 Rxb3 68. Rxe6 Rb4+ 69. Kf5 Rxa4 70. g5 $2 {[%emt 0:00:46] [#]} (70. Rxb6 $15 Kh7 71. Ra6) 70... hxg5 $1 $19 71. Rxb6 {[%emt 0:00:26] [#]} Kh7 $2 (71... g4 $1 $19 {Hoping for ...Rb4.} 72. Kg6 Rf4) 72. Kxg5 $11 Ra1 (72... Rb4 $5 73. Ra6 Rb5+ 74. Kg4 Re5 $11) 73. Ra6 a4 74. Kg4 a3 75. Kg3 Kg8 (75... a2 $5 76. Kh2 Kg8 $19) 76. Ra7 Kh7 77. Ra6 $1 Kg8 78. Ra7 a2 79. Kg2 Kf8 (79... Kh7 $5 80. Ra8 Kh6 $11) 80. Kh2 Ke8 81. h6 gxh6 82. Kg2 $2 (82. Ra8+ $11 Ke7 83. Kg2) 82... h5 $2 (82... Kd8 $19 83. Ra8+ Ke7) 83. Kh2 $2 (83. Ra3 $11 {and White is okay.} Kd7 84. Ra7+ Kd8 85. Ra8+ Ke7 86. Ra6) 83... h4 $2 (83... Kd8 $19 84. Kg2 Kc8) 84. Kg2 $2 (84. Ra8+ $1 $11 {and White stays safe.} Kd7 85. Kg2) 84... h3+ $2 ({Black should play} 84... Kd8 $19 {...Kc8 is the strong threat.} 85. Ra4 Kc8 86. Ra8+ Kd7) 85. Kh2 $11 Kd8 86. Ra3 Kc7 87. Ra4 Kb6 88. Ra3 Kc5 89. Ra8 Kd4 90. Ra7 Kc3 91. Ra8 $1 Rb1 92. Rxa2 Rb2+ 93. Rxb2 Kxb2 94. Kxh3 1/2-1/2

[Event "Charlotte GM-A May 2022"]
[Site "Charlotte"]
[Date "2022.05.06"]
[Round "3.2"]
[White "Williams, Justus"]
[Black "Song, Micheal"]
[Result "0-1"]
[ECO "C40"]
[WhiteElo "2417"]
[BlackElo "2408"]
[Annotator "TA"]
[PlyCount "90"]
[EventDate "2022.05.04"]
[EventType "tourn"]
[EventCountry "USA"]
[SourceTitle "playchess.com"]
[Source "ChessBase"]
[SourceQuality "1"]
[TimeControl "5400+30"]

1. Nf3 f5 2. d3 Nc6 3. e4 e5 4. d4 fxe4 5. Nxe5 Qf6 6. Nxc6 {[%emt 0:03:21] C40: Latvian and Elephant Gambits.} bxc6 7. Be2 d5 8. c4 {[%emt 0:03:59] The position is equal.} Bb4+ 9. Nc3 Ne7 {[%emt 1:12:17] [#]} 10. a3 $146 ({Predecessor:} 10. O-O O-O 11. cxd5 cxd5 12. Nxe4 dxe4 13. Qb3+ Be6 14. Qxb4 Nc6 15. Qc5 Nxd4 16. Bc4 Bxc4 17. Qxc4+ {1-0 (53) Yandemirov,V (2405)-Bocharov,I (2472) Kaliningrad 2015}) 10... Bxc3+ 11. bxc3 O-O 12. O-O Be6 13. f3 Qg6 14. Ra2 (14. fxe4 $1 $14 {was preferrable.} Bh3 15. Rxf8+ (15. Bf3 dxe4 16. Qc2 exf3 $15) 15... Rxf8 16. Bf1 (16. Bf3 $2 dxe4 17. Bxe4 Qxe4 $19)) 14... dxc4 (14... Bh3 $5 15. Rf2 Rab8 $11) 15. fxe4 Qxe4 16. Bf3 Qg6 17. Re2 Nd5 18. Re5 Qf7 (18... Nxc3 $2 19. Qe1 Rae8 20. Qxc3 $18) ({Black should try} 18... Bf7 $11) 19. Qa4 $36 {[%emt 0:06:46][%csl LRc4,LRc6][%mdl 2048] White has good play.} Rad8 (19... Nxc3 $2 20. Qxc6 Rae8 21. Bd2 $18) (19... Qd7 $1 $14) 20. Qxc4 (20. Qxc6 $142 Rd6 21. Qb7 (21. Qxc4 $2 Ne3 $19)) 20... Nf4 21. d5 Nxd5 22. Qxc6 Rd6 23. Qc5 Nb6 24. Be2 {[%emt 0:02:29] A strong pair of Bishops.} Qxf1+ 25. Bxf1 Rd1 {[%emt 0:00:22][%csl Gd1,LRc1,LRf1][%cal Rf8f1] [#] Prevents Re1.} 26. h3 $1 Rdxf1+ 27. Kh2 Nd7 28. Qc6 Nxe5 29. Qxe6+ Nf7 30. Bg5 {[%emt 0:01:55][%mdl 1024] White has strong compensation.} Rd1 (30... h6 $16 31. Qc4 Rf5) 31. Bf4 $18 c5 32. Qe7 Rf1 33. Be3 Re1 34. Qxc5 Re8 35. Bd4 a6 36. Qd5 h6 37. a4 R1e2 38. Qc6 {[%emt 0:00:26] aiming for Qg6.} R8e6 {[%emt 0:00:12] Inhibits Qg6.} 39. Qc4 Ng5 40. Bb6 (40. Qd3 $16) 40... Nf3+ $11 41. Kg3 Nd2 42. Qd5 Kh7 43. Bd4 Rg6+ 44. Kh2 $2 {[%emt 0:00:18][%mdl 8192] [#]} (44. Kh4 $11) 44... Ne4 $1 $19 45. Kh1 Rgxg2 {[%emt 0:00:00] Black used his chance.  Weighted Error Value: White=0.24 (precise) /Black=0.13 (very precise)} 0-1

[Event "Charlotte GM-A May 2022"]
[Site "Charlotte"]
[Date "2022.05.06"]
[Round "3.3"]
[White "Sheng, Joshua"]
[Black "Spicha, K. Alexander"]
[Result "1-0"]
[ECO "B48"]
[WhiteElo "2487"]
[BlackElo "2083"]
[Annotator "TA"]
[PlyCount "71"]
[EventDate "2022.05.04"]
[EventType "tourn"]
[EventCountry "USA"]
[SourceTitle "playchess.com"]
[Source "ChessBase"]
[SourceQuality "1"]
[TimeControl "5400+30"]

1. e4 c5 2. Nf3 e6 3. d4 cxd4 4. Nxd4 Nc6 5. Nc3 Qc7 6. Be3 a6 7. Qf3 {[%emt 0:00:04] B48: Sicilian: Taimanov: 5 Nc3 Qc7 6 Be3 a6 without Be2.} Ne5 8. Qg3 b5 9. O-O-O {[%emt 0:00:33][%cal Of1b5] White is slightly better.} Nf6 {[%emt 0:00:15] And now ...b4 would win.} 10. f4 Neg4 11. Bg1 h5 {[%emt 0:01:21] Threatens to win with ...b4. 11...h5 scores better than 11...b4.} 12. e5 b4 $1 13. Na4 ({But not} 13. exf6 bxc3 14. fxg7 Bxg7 15. Qxc3 Qxc3 16. bxc3 Bb7 $15) 13... Nd5 14. h3 Nh6 15. f5 Bb7 16. Bd3 Be7 17. Kb1 {[%emt 0:00:13] Black must now prevent fxe6.} h4 $1 18. Qe1 Nf4 (18... Rc8 $1 $11) 19. Be4 {[%emt 0:00:04] aiming for Bh2.} Nxg2 20. Qe2 Nf4 21. Qf3 Bxe4 22. Qxe4 Nd5 {[%emt 0:00:00] [#]} 23. f6 $146 ({Predecessor:} 23. Qg2 Bf8 24. Be3 Rc8 25. Bg5 g6 26. fxg6 Rg8 27. Nf3 Rxg6 28. Qd2 Nf5 29. Rhe1 {0-1 (38) Sethuraman,S (2628)-Moussard,J (2631) Sharjah 2021}) 23... gxf6 24. exf6 Bxf6 25. Bh2 $36 {[%emt 0:03:50][%mdl 2048] Prevents Qe5. White is more active.} Qa5 26. Rhe1 {[%emt 0:01:03][%cal Oc2c4] Strongly threatening c4!} Ng8 $2 {[%emt 0:00:00][%mdl 8192] Black cannot hold the game after this.} (26... Qxa4 $2 27. Qxd5 Rc8 28. Qb7 $18) (26... O-O-O $11 {and Black has nothing to worry.} 27. b3 Qxa4 $1 28. Qxd5 exd5 29. bxa4 Rhe8) 27. c4 $18 bxc3 $2 {[%emt 0:00:00] [#]} (27... Qxa4 $2 28. cxd5 Rd8 29. Nf5 $18) (27... Nge7 28. cxd5 Qxd5 29. Qxd5 Nxd5) 28. Nb3 $2 (28. Nxe6 $1 fxe6 (28... c2+ 29. Kxc2) 29. Rxd5 c2+ 30. Kxc2 Qxe1 31. Qxe1 Rc8+ 32. Kb1) 28... c2+ 29. Kxc2 Rc8+ 30. Kb1 Qb4 (30... Qb5 $2 31. Rxd5 Qc4 32. Qxc4 Rxc4 33. Nb6 $18) 31. Rxd5 Rc4 32. Qe2 Qxa4 {[%emt 0:00:00] [#]} 33. Nc5 $1 Qb4 34. Nxa6 {[%emt 0:01:04] Really sharp!} Qb7 {[%emt 0:00:00] [#]} (34... Qa4 {is a better defense.}) 35. Rb5 $1 Qc6 (35... Qxb5 $142 36. Nc7+ Rxc7 37. Qxb5 Rc6) 36. Nc7+ {[%emt 0:00:27] Weighted Error Value: White=0.18 (very precise) /Black=0.49} 1-0

[Event "Charlotte GM-A May 2022"]
[Site "Charlotte"]
[Date "2022.05.06"]
[Round "3.4"]
[White "Liang, Jason"]
[Black "Mardov, Dimitar"]
[Result "1/2-1/2"]
[ECO "D00"]
[WhiteElo "2432"]
[BlackElo "2402"]
[Annotator "TA"]
[PlyCount "101"]
[EventDate "2022.05.04"]
[EventType "tourn"]
[EventCountry "USA"]
[SourceTitle "playchess.com"]
[Source "ChessBase"]
[SourceQuality "1"]
[TimeControl "5400+30"]

1. d4 Nf6 2. Nc3 d5 3. Bf4 e6 4. Nb5 Na6 5. e3 c6 6. Nc3 {[%emt 0:00:12] D00: 1 d4 d5: Unusual lines.} Nc7 7. Nf3 Be7 8. Bd3 {[%emt 0:02:51] [#] White is slightly better.} Nh5 $146 ({Predecessor:} 8... O-O 9. O-O Nce8 10. e4 dxe4 11. Nxe4 Nxe4 12. Bxe4 Nf6 13. Bd3 b6 14. Qe2 Bb7 {1-0 (51) Artemiev,V (2716)-Klekowski,M (2511) Chess.com INT 2020}) 9. Be5 {[%emt 0:01:29] Strongly threatening g4.} O-O 10. h4 {[%emt 0:03:45][%cal Of3g5] [#] Hoping for Ng5!} f5 11. g4 Nf6 12. gxf5 {[%emt 0:02:27] White is more active.} exf5 13. Ng5 h6 14. Nh3 Ng4 15. Qf3 Nxe5 16. dxe5 Bb4 17. O-O-O Bxc3 (17... Qxh4 $2 18. Rdg1 (18. Nf4 Qg4 $11) 18... Qg4 19. Rxg4 $18) 18. bxc3 Qe7 $36 {[%emt 0:05:30][%mdl 2048] Black has some pressure.} (18... Qxh4 $2 19. Rdg1 (19. Nf4 Qg4 $11) 19... Qe7 20. Nf4 Qxe5 21. Rxh6 $18) 19. Nf4 Rf7 20. Rdg1 Qxe5 21. Rg6 Ne6 22. Rhg1 {[%emt 0:15:43] [#] Threatens to win with Rxh6.} Nxf4 (22... Qxc3 {looks sharper.} 23. Nxe6 Bxe6 24. Kb1 Re8) 23. Qxf4 Qxf4 24. exf4 Kf8 25. c4 Bd7 26. Rd6 Ke7 27. Rdg6 Kf8 28. Kb2 (28. Rd6 $11) 28... Re8 29. cxd5 cxd5 30. Kc3 Re6 (30... Rc8+ $17 31. Kb3 Rc7) 31. Kd4 Rxg6 32. Rxg6 Rf6 33. Rxf6+ gxf6 34. Kxd5 $11 {[%emt 0:00:11][%mdl 4096] Endgame aiming for Kd6. KB-KB} Ke7 35. a3 Be6+ 36. Kc5 Kd7 37. c4 Kc7 38. Kb4 b6 39. c5 Kc6 {[%emt 0:00:54] And now ...a5+ would win.} 40. Bb5+ Kc7 41. Be8 Kd8 42. Bc6 (42. cxb6 $5 axb6 43. Bb5 $11) 42... Kc7 43. Bf3 Bf7 44. Bg2 Be6 45. Kb5 Bf7 46. Bf1 Bd5 47. Bd3 Be6 48. Bc2 Kb7 49. Kb4 Kc6 {[%emt 0:00:00] White must now prevent ...a5+.} 50. Ba4+ Kc7 51. Bc2 {[%emt 0:01:19] Weighted Error Value: White=0.10 (very precise) /Black=0.10 (very precise)} 1/2-1/2

[Event "Charlotte GM-A May 2022"]
[Site "Charlotte"]
[Date "2022.05.06"]
[Round "4.1"]
[White "Korley, Kassa"]
[Black "Belous, Vladimir"]
[Result "0-1"]
[ECO "E68"]
[WhiteElo "2413"]
[BlackElo "2525"]
[Annotator "TA"]
[PlyCount "74"]
[EventDate "2022.05.04"]
[EventType "tourn"]
[EventCountry "USA"]
[SourceTitle "playchess.com"]
[Source "ChessBase"]
[SourceQuality "1"]
[TimeControl "5400+30"]

1. Nf3 Nf6 2. g3 g6 3. Bg2 Bg7 4. O-O O-O 5. d4 d6 6. c4 Nbd7 7. Nc3 e5 8. e4 a6 9. Re1 exd4 10. Nxd4 Rb8 11. a4 Re8 12. h3 Ne5 13. b3 {[%emt 0:00:37] E68: King's Indian: Fianchetto: 6...Nbd7 7 0-0 e5 8 e4.} c5 14. Nc2 Be6 {[%emt 0:00:00] [#]} 15. Bd2 $146 {[%emt 0:11:59] White is slightly better.} ({Predecessor:} 15. Bb2 h5 16. Rb1 Bh8 17. Ne3 Nc6 18. Ncd5 Bxd5 19. cxd5 Nd4 20. Nc2 Nxc2 21. Qxc2 {½-½ (38) Agrest,E (2585)-Radjabov,T (2748) Khanty-Mansiysk 2010}) 15... Qd7 16. Kh2 (16. f4 $5 Nc6 17. g4 $16) 16... Nd3 17. Re2 b5 18. axb5 axb5 19. Nxb5 {[%emt 0:00:44] And now Ra7 would win.} Nb2 $1 20. Qe1 {[%emt 0:17:19] Black must now prevent Ra7.} Nxc4 $1 21. bxc4 Bxc4 22. Nc3 {[%emt 0:09:31] Hoping for Re3.} Bxe2 23. Qxe2 {[%emt 0:00:08] aiming for Qd3.} d5 $1 24. Bf4 Rb3 {[%emt 0:00:00] [#]} 25. e5 $1 $36 {[%emt 0:04:52][%mdl 2048] Threatens to win with Qd2. White has the initiative.} Rxc3 26. Qd2 d4 27. exf6 $16 Bxf6 {[%emt 0:00:00] [#]} 28. Ne3 {[%emt 0:02:05] Inhibits Qf5.} Rb3 (28... Rcxe3 $16 29. Bxe3 (29. fxe3 g5 $15) 29... c4) 29. Nd5 Bd8 (29... Bg7 {is more resistant.}) 30. Ra8 $18 Qb5 {[%emt 0:00:00] [#]} 31. Be5 $1 {[%emt 0:02:25][%mdl 576] Deflection} Rxe5 32. Rxd8+ Kg7 33. Qf4 Qe2 34. Qf6+ Kh6 35. Nf4 $4 (35. Rg8 {and life is good for White.} Rf3 36. Qg7+ Kg5 37. h4+ Kf5 {[#]} 38. Nc3 $1 Ke6 39. Nxe2 Rxe2 40. Re8+ Kd7 41. Rxe2) 35... Qxf2 $19 36. Qh4+ Kg7 {[%emt 0:00:00] ( -> ...Rb1)} 37. Nxg6 Re1 {[%emt 0:00:00] What a bad dream for White.  Weighted Error Value: White=0.74/Black=0.77} ({Much less strong is} 37... Kxg6 38. Rg8+ Kf5 39. Qg5+ Ke6 40. Re8+ Kd7 41. Qd8#) 0-1

[Event "Charlotte GM-A May 2022"]
[Site "Charlotte"]
[Date "2022.05.06"]
[Round "4.2"]
[White "Mardov, Dimitar"]
[Black "Ostrovskiy, Aleksandr"]
[Result "1-0"]
[ECO "B11"]
[WhiteElo "2402"]
[BlackElo "2397"]
[Annotator "TA"]
[PlyCount "109"]
[EventDate "2022.05.04"]
[EventType "tourn"]
[EventCountry "USA"]
[SourceTitle "playchess.com"]
[Source "ChessBase"]
[SourceQuality "1"]
[TimeControl "5400+30"]

1. e4 c6 2. Nc3 d5 3. Nf3 dxe4 4. Nxe4 Nf6 5. Qe2 Nxe4 6. Qxe4 Nd7 {[%emt 0:00:00] B11: Caro-Kann: Two Knights Variation.} 7. g3 Nf6 8. Qe2 Bf5 {[%emt 0:00:00] The position is equal.} 9. d4 e6 10. Bg2 {[%emt 0:00:28] [#]} h6 $146 ({Predecessor:} 10... Be7 11. O-O O-O 12. h3 h6 13. Rd1 Qa5 14. c4 Rfd8 15. Bd2 Qb6 16. Bc3 a5 17. a3 a4 {1-0 (53) Bivol,A (2368)-Babiy,O (2259) Chess.com INT 2021}) 11. O-O Be7 12. Rd1 O-O 13. c4 a5 14. Bd2 a4 15. Bc3 Be4 16. Ne5 Bxg2 17. Kxg2 Qc7 (17... Nd7 {is interesting.} 18. d5 exd5 19. cxd5 Nxe5 20. dxc6 Qb6) 18. Qf3 Rad8 19. Rac1 Nd7 20. Nd3 Qb8 21. h4 Rfe8 22. Re1 Bf8 23. Rcd1 Qc7 24. Nf4 b5 25. b3 axb3 26. axb3 bxc4 27. bxc4 Bd6 28. Nh5 {[%emt 0:00:44] Hoping for d5.} g6 29. Nf6+ Nxf6 30. Qxf6 {[%emt 0:00:07] d5 is the strong threat.} Be7 31. Qf3 h5 32. g4 hxg4 33. Qxg4 {[%emt 0:00:19][%cal Oe1e6] Black must now prevent Rxe6!} Bf6 $1 34. h5 g5 35. Re4 Kh7 (35... c5 $11 {remains equal.}) 36. Qf3 $1 $36 {[%emt 0:01:11][%mdl 2048] White is really pushing.} Bg7 {[%emt 0:00:35] [#] This costs Black the game.} (36... Qe7 $16) 37. h6 $1 $18 Bxh6 (37... Bh8 38. Ba5 Qd7 39. Bxd8 Rxd8) 38. Ba5 $2 Qe7 (38... Qxa5 {gets mated.} 39. Qxf7+ Kh8 40. Rh1 Qf5 41. Rxh6+) 39. Bxd8 Rxd8 40. d5 (40. Re3 $142) 40... cxd5 41. cxd5 Bg7 $2 (41... Rd6 $18 42. Re3 g4 43. Qe4+ (43. Qxg4 Bxe3 44. fxe3 exd5 $11) 43... Kg7) 42. dxe6 Rxd1 43. Qh5+ (43. exf7 $142 Qd6 44. Qh5+ Bh6 45. f8=Q Qxf8 46. Qxd1 Qf5 47. Qd4 Bf8 48. Re5) 43... Bh6 44. Qxd1 fxe6 {[%emt 0:00:33] KQR-KQB} 45. Qg4 Bg7 46. Rxe6 Qb7+ 47. Qf3 Qxf3+ 48. Kxf3 {[%emt 0:00:06] KR-KB} Bd4 49. Kg3 Kg7 50. f3 Kf7 51. Re4 Bc3 52. Kg4 Kf6 53. Rc4 Bd2 54. Rc6+ Ke5 55. Rg6 {[%emt 0:00:08] Weighted Error Value: White=0.16 (very precise) /Black=0.36} 1-0

[Event "Charlotte GM-A May 2022"]
[Site "Charlotte"]
[Date "2022.05.06"]
[Round "4.3"]
[White "Spicha, K. Alexander"]
[Black "Liang, Jason"]
[Result "1/2-1/2"]
[ECO "D02"]
[WhiteElo "2083"]
[BlackElo "2432"]
[Annotator "TA"]
[PlyCount "78"]
[EventDate "2022.05.04"]
[EventType "tourn"]
[EventCountry "USA"]
[SourceTitle "playchess.com"]
[Source "ChessBase"]
[SourceQuality "1"]
[TimeControl "5400+30"]

1. d4 d5 2. Nf3 Nf6 3. Bf4 c5 4. e3 e6 5. Nbd2 Bd6 6. Bxd6 {[%emt 0:04:03] D02: 1 d4 d5 2 Nf3 sidelines, including 2...Nf6 3 g3 and 2...Nf6 3 Bf4.} Qxd6 7. dxc5 $1 {[%emt 0:00:29][%mdl 4] is now more promising than 7.c3.} Qxc5 8. c4 O-O 9. Rc1 Nc6 10. cxd5 Qxd5 {[%emt 0:00:08] [#]} 11. Qb3 $146 ({Predecessor:} 11. Bc4 Qh5 12. O-O e5 13. Bb5 Bd7 14. Ne4 Rad8 15. Ng3 Qg4 16. h3 Qb4 17. Qa4 {1-0 (72) Vlasenko,M (2408)-Shakirov,M (2139) St Petersburg 2022}) 11... Qa5 12. Bb5 Nb4 (12... Ne4 $5) 13. Be2 e5 (13... Nxa2 $2 14. Ra1 $18) 14. O-O Nc6 {[%emt 0:01:06] [#] Threatens to win with ...e4.} 15. Nc4 $1 Qa6 16. Rfe1 Be6 {[%emt 0:02:05] [#]} 17. Ncxe5 $1 Nxe5 {[%emt 0:00:15] [#]} 18. Nxe5 Qxa2 19. Qxa2 Bxa2 20. Bf3 Rfe8 21. Nc4 {[%emt 0:00:42] White is more active.} ({Much weaker is} 21. Bxb7 Rab8 22. Nc4 Bxc4 $15) 21... Re7 22. Nd6 Bd5 {[%emt 0:01:46] [#]} 23. Bxd5 $1 Nxd5 24. Rc8+ ({Better is} 24. Red1 $16 Nf6 25. Rd4) 24... Rxc8 $14 25. Nxc8 {[%emt 0:00:02][%mdl 4096] Endgame KRN-KRN} Rc7 26. Nxa7 Rc2 27. Kf1 {[%emt 0:05:34] And now Rd1 would win.} Kf8 (27... Rxb2 $2 28. Rd1 $18) 28. Re2 Rc5 (28... Rc1+ $11 29. Re1 Rc2) 29. Rd2 Ke7 30. Rd3 Ra5 {[%emt 0:05:48] [#]} 31. Ke2 $1 Ke6 32. Ra3 Rxa3 33. bxa3 {[%emt 0:00:02] KN-KN} Kd6 34. Nb5+ Kc5 $1 35. Nd4 Nf4+ 36. Kf3 ({Don't play} 36. exf4 Kxd4 37. Kd2 Kc4 $11) (36. Kd2 $5 ) 36... Nd3 37. Ke2 (37. h3 $14) 37... Nf4+ $1 $11 38. Kf3 (38. Kd2 $11 {feels stronger.}) 38... Nd3 $1 $14 39. Ke2 Nf4+ $1 {[%emt 0:05:49] Weighted Error Value: White=0.13 (very precise) /Black=0.11 (very precise)} 1/2-1/2

[Event "Charlotte GM-A May 2022"]
[Site "Charlotte"]
[Date "2022.05.06"]
[Round "4.4"]
[White "Song, Micheal"]
[Black "Sheng, Joshua"]
[Result "1-0"]
[ECO "D27"]
[WhiteElo "2408"]
[BlackElo "2487"]
[Annotator "TA"]
[PlyCount "59"]
[EventDate "2022.05.04"]
[EventType "tourn"]
[EventCountry "USA"]
[SourceTitle "playchess.com"]
[Source "ChessBase"]
[SourceQuality "1"]
[TimeControl "5400+30"]

1. d4 d5 2. c4 dxc4 3. Nf3 Nf6 4. e3 e6 5. Bxc4 a6 6. O-O c5 7. Nbd2 Nbd7 {[%emt 0:03:32] D27: Queen's Gambit Accepted: Classical main line: 7 e4!? and 7 a4.} 8. e4 b5 9. e5 bxc4 {[%emt 0:04:37] The position is equal.} 10. exf6 Nxf6 11. Nxc4 {[%emt 0:00:41] [#]} cxd4 $146 ({Predecessor:} 11... Be7 12. dxc5 Qxd1 13. Rxd1 Bxc5 14. Be3 Be7 15. Nb6 Rb8 16. Ne5 Bb7 17. Rac1 Bd8 {½-½ (35) Petrov,N (2577)-Inarkiev,E (2661) Sochi 2020}) 12. Bf4 Bc5 13. b4 {[%emt 0:02:45][%mdl 64] Deflection} Be7 14. Nfe5 {[%emt 0:01:46] Hoping for Nc6. Pair of Knights!} Bd7 {[%emt 0:09:54] Prevents Nc6.} 15. Nxd7 (15. Qxd4 Bb5 16. Qb2 Nd5 $11) 15... Nxd7 (15... Qxd7 $2 16. Nb6 Qb7 17. Qa4+ (17. Nxa8 Nd5 $18) (17. Qxd4 Rd8 $17) 17... Kf8 18. Nxa8 $18) 16. Nd6+ Kf8 $1 (16... Bxd6 17. Bxd6 Nb6 18. Qxd4 $16) 17. Qxd4 Bf6 18. Qe4 {[%emt 0:02:00] And now Rad1 would win.} Bxa1 19. Rxa1 {[%emt 0:00:25][%cal Bf1a1,Ba1c1,Bc1c6][%mdl 32] Black must now prevent Re1.} Ra7 20. Rc1 {[%emt 0:21:48][%mdl 1024] Strongly threatening Rc8. White has compensation.} Nb6 {[%emt 0:06:51][%mdl 8192] Against Rc8} (20... Rc7 $1 $11 {and Black stays safe.}) 21. Rc6 $1 $18 {[%emt 0:15:48] aiming for Be3.} Rd7 22. g3 Kg8 23. Qc2 $2 (23. Qe5 $18) 23... g5 $16 {[%emt 0:06:19] [#]} 24. Be5 ({Much weaker is} 24. Bxg5 $6 Qxg5 25. Rxb6 Kg7 $11) 24... f6 {[%emt 0:00:03] [#]} 25. Qc5 $36 {[%emt 0:01:39][%mdl 2048] Keeping Black busy. White is much more active.} fxe5 $2 (25... h5 $16) 26. Qxe5 $18 ({Not} 26. Rxb6 h5 $16) 26... h6 27. Qxe6+ ({But not} 27. Rxb6 Rhh7 28. Qxe6+ Kf8 29. Rxa6 Ra7 30. Rxa7 Rxa7 31. Qxh6+ Kg8 32. Qe6+ Kf8 $18) 27... Kh7 (27... Kf8 $142 28. Rxb6 Rhh7 29. Rxa6 Ra7) 28. Ne4 Rg7 {[%emt 0:02:28] Inhibits Qg6+.} 29. Nf6+ Kg6 30. Ne8+ {[%emt 0:00:26][%mdl 64] Discovered Attack.  Weighted Error Value: White=0.10 (very precise) /Black=0.66} 1-0

[Event "Charlotte GM-A May 2022"]
[Site "Charlotte"]
[Date "2022.05.06"]
[Round "4.5"]
[White "Stremavicius, Titas"]
[Black "Williams, Justus"]
[Result "1-0"]
[ECO "A13"]
[WhiteElo "2508"]
[BlackElo "2417"]
[Annotator "TA"]
[PlyCount "67"]
[EventDate "2022.05.04"]
[EventType "tourn"]
[EventCountry "USA"]
[SourceTitle "playchess.com"]
[Source "ChessBase"]
[SourceQuality "1"]
[TimeControl "5400+30"]

1. c4 e6 2. g3 d5 3. Nf3 a6 4. b3 {[%emt 0:03:05] [#]} Nc6 $146 ({Predecessor:} 4... dxc4 5. bxc4 b5 6. Qb3 b4 7. a3 c5 8. d4 a5 9. axb4 cxb4 10. Bg2 Bb7 11. Nc3 {½-½ (31) Oparin,G (2652)-Dreev,A (2647) Sochi 2021}) 5. Bg2 d4 6. O-O {[%emt 0:14:46] A13: English Opening: 1...e6.} Bc5 7. d3 Nge7 8. Na3 {[%emt 0:01:10] White is slightly better.} Rb8 9. Nc2 b5 10. e3 e5 (10... dxe3 $14 11. fxe3 (11. Bxe3 Bb6 $14) 11... bxc4) 11. exd4 $16 exd4 12. Re1 (12. Qd2 $16) 12... f6 {[%emt 0:00:00] [#]} (12... O-O $14) 13. Ng5 $1 O-O {[%emt 0:04:30] [#]} 14. Ne6 {[%emt 0:09:56] White is more active.} (14. Nxh7 $1 $16 Rf7 15. Qh5) 14... Bxe6 $14 15. Rxe6 Qd7 16. Qe2 Rbe8 (16... bxc4 $11 {remains equal.} 17. bxc4 Rb6) 17. Bd2 (17. Bb2 $16) 17... bxc4 $1 $11 18. bxc4 Ne5 (18... Rb8 $11 {keeps the balance.}) 19. Rxa6 $16 Nxc4 20. Bf4 {[%emt 0:04:50] A strong pair of Bishops.} (20. Bb4 $16 Bxb4 21. Nxb4) 20... Nb6 $11 21. Qd2 {[%emt 0:02:02] Strongly threatening Qa5.} (21. Qh5 {is more complex.} Nbd5 22. Re1 f5 23. Bd2) 21... Ng6 22. Qa5 Nxf4 23. gxf4 Bd6 24. Rxb6 (24. a4 $15) 24... cxb6 $17 25. Qd5+ Kh8 26. Nxd4 {[%emt 0:00:13] [#]} Rc8 (26... f5 $1 $19 27. Rc1 Rf6) 27. Ne6 Rfe8 28. f5 Rc2 29. Be4 {[%emt 0:01:40] [#]} (29. d4 $17) 29... Rec8 (29... g6 $1 $19 {[%cal Rg6f5] aiming for ...gxf5.} 30. d4 Re2) 30. Kg2 $15 Qe7 31. Rb1 Bb4 32. Nd4 R2c5 33. Qe6 $11 Ra5 $2 34. Qxc8+ {[%emt 0:00:42] Weighted Error Value: White=0.30/Black=0.31} 1-0